 Dungeon Crawl Stone Soup version 0.21.1-1-g345015f (webtiles) character file.

9337 stinkbear the Cleaver (level 11, -17/104 HPs)
             Began as a Hill Orc Fighter on July 27, 2018.
             Was a Priest of the Shining One.
             Demolished by an orc warrior
             ... wielding a +0 war axe
              (27 damage)
             ... in a bailey.
             The game lasted 00:33:50 (9719 turns).

stinkbear the Cleaver (Hill Orc Fighter)            Turns: 9719, Time: 00:33:50

Health: -17/104    AC:  9    Str: 28    XL:     11   Next: 44%
Magic:  12/12      EV: 10    Int:  8    God:    the Shining One [***...]
Gold:   688        SH: 12    Dex: 10    Spells: 10/10 levels left

rFire    . . .     SeeInvis .   y - +2 hand axe (venom)
rCold    + . .     Gourm    .   c - +0 shield
rNeg     + . .     Faith    .   m - +0 acid dragon scales
rPois    .         Spirit   .   t - +0 helmet
rElec    .         Reflect  .   (no cloak)
rCorr    +         Harm     .   (no gloves)
MR       .....                  (no boots)
Stlth    +.........             (no amulet)
HPRegen  0.27/turn              G - ring of protection from cold
MPRegen  0.13/turn              I - +5 ring of strength

@: marked, glowing
A: no striking features
a: Divine Shield, Renounce Religion


You were in a bailey.
You worshipped the Shining One.
The Shining One was most pleased with you.
You were not hungry.

You visited 2 branches of the dungeon, and saw 11 of its levels.
You also visited: Bailey.

You collected 688 gold pieces.

Inventory:

Hand Weapons
 a - a +0 war axe
 y - a +2 hand axe of venom (weapon)
 D - a +0 short sword of electrocution
 E - a +0 antimagic halberd
 U - a +1 long sword of holy wrath
Missiles
 x - 11 tomahawks
 C - 5 tomahawks of returning (quivered)
Armour
 c - a +0 shield (worn)
 m - +0 acid dragon scales (worn)
 t - a +0 helmet (worn)
 F - a +0 large shield
Jewellery
 G - a ring of protection from cold (left hand)
 I - a +5 ring of strength (right hand)
 N - an uncursed amulet of rage {unknown}
Wands
 n - a wand of acid (9)
 K - a wand of random effects (37)
 L - a wand of scattershot (2)
 M - a wand of enslavement (29)
Scrolls
 b - 7 scrolls of identify
 g - 4 scrolls of amnesia {unknown}
 h - 4 scrolls of enchant weapon {unknown}
 i - 9 scrolls of remove curse
 j - 5 scrolls of teleportation
 k - 3 scrolls of enchant armour {unknown}
 o - a scroll of immolation {unknown}
 p - a scroll of fog {unknown}
 v - 4 scrolls of magic mapping {unknown}
 z - a scroll of random uselessness {unknown}
 H - a scroll of fear {unknown}
 Q - a scroll of summoning {unknown}
Potions
 d - a potion of might
 e - a potion of experience {unknown}
 l - a potion of magic {unknown}
 q - 6 potions of curing
 r - a potion of cancellation {unknown}
 s - a potion of heal wounds {unknown}
 u - a potion of ambrosia {unknown}
 w - a potion of mutation {unknown}
 A - 3 potions of lignification {unknown}
 B - a potion of haste {unknown}
 J - a potion of brilliance {unknown}
 O - a potion of resistance {unknown}
 P - a potion of berserk rage {unknown}
 R - a potion of flight {unknown}
Books
 S - a book of Flames

   Spells                             Type                      Level
   a - Flame Tongue                   Conjuration/Fire             1
   b - Throw Flame                    Conjuration/Fire             2
   c - Conjure Flame                  Conjuration/Fire             3
   d - Inner Flame                    Hexes/Fire                   3
   e - Sticky Flame                   Conjuration/Fire             4
   f - Fireball                       Conjuration/Fire             5
Miscellaneous
 V - a phantom mirror
Comestibles
 f - 20 rations


   Skills:
 * Level 12.2 Fighting
 * Level 12.9 Axes
 + Level 8.6 Armour
 - Level 0.9 Dodging
 + Level 8.6 Shields
 + Level 2.1 Invocations


You had 10 spell levels left.
You didn't know any spells.

Dungeon Overview and Level Annotations

Branches:
Dungeon (10/15)            Temple (1/1) D:6
   Lair: D:8-11         Orc: D:9-12

Altars:
Ashenzari
Dithmenos
Fedhas
Hepliaklqana
Nemelex Xobeh
Okawaru
Qazlal
Ru
Sif Muna
Trog
Uskayaw
Vehumet
Wu Jian
Xom
Zin
The Shining One

Shops:
D:4 :   D:6 =   D:8 }


Message History

You hit the orc warrior but do no damage.
The orc warrior is heavily wounded.
You hit the orc.
The orc looks as sick as possible!
You hit the orc knight. You block the orc's attack.
You hit the orc knight.
The orc knight looks as sick as possible!
The orc knight is severely wounded.
You hit the orc warrior but do no damage. x2
The orc warrior is poisoned.
You slash the orc!
You kill the orc!
The orc warrior hits you with a war axe!!
* * * LOW HITPOINT WARNING * * *
The orc knight hits you with a war axe.
* * * LOW HITPOINT WARNING * * *
An orc comes into view. It is wielding a war axe.
It was a potion of curing.
You feel better. The orc warrior closely misses you.
The orc knight hits you with a war axe!!
* * * LOW HITPOINT WARNING * * *
The orc warrior hits you with a war axe!!
You die... ▓▓▓▓▓ ▓.@o▓ ▓goo▓

▓.g(▓ ##(##
#∩...≈o≈(..∩#
#'###≈.≈###'#
(≈o≈K ##≈.≈##
K≈.≈.


You could see an orc knight, 3 orc warriors, an orc, a hobgoblin and a goblin.

Vanquished Creatures
  2 two-headed ogres (D:9)
  An unseen horror (D:10)
  A deep elf mage (D:9)
  An ugly thing (D:9)
  Joseph (D:7)
  A yaktaur (D:9)
  A hippogriff (D:8)
  2 vampire mosquitoes (D:9)
  A hornet zombie (D:9)
  9 orc warriors
  3 sky beasts
  A black bear (D:8)
  An eye of draining (D:8)
  3 ice beasts
  3 phantoms
  8 ogres
  5 necrophages
  2 centaurs
  3 bullfrogs
  A wyvern skeleton (D:9)
  A scorpion (D:8)
  4 howler monkeys (D:9)
  8 crimson imps
  A bullfrog zombie (D:5)
  7 hounds
  11 jellies
  3 bullfrog skeletons
  5 orc priests
  11 orc wizards
  A centaur skeleton (D:7)
  4 iguanas
  Terence (D:3)
  12 worker ants
  A hound zombie (D:7)
  A worker ant zombie (D:8)
  Robin (D:3)
  6 adders
  5 gnolls
  A howler monkey skeleton (D:4)
  4 shadow imps
  7 oozes
  2 adder skeletons
  An adder zombie (D:9)
  3 worms
  2 dart slugs
  A leopard gecko (D:1)
  40 orcs
  2 ball pythons
  11 giant cockroaches
  13 goblins
  8 hobgoblins
  10 jackals
  5 quokkas
  3 bats
  5 frilled lizards
  A jackal skeleton (D:8)
  8 kobolds
  2 quokka zombies
  7 rats
269 creatures vanquished.

Notes
Turn   | Place    | Note
-------+----------+-------------------------------------------
     0 | D:1      | stinkbear the Hill Orc Fighter began the quest for the Orb.
     0 | D:1      | Reached XP level 1. HP: 19/19 MP: 1/1
    75 | D:1      | Reached XP level 2. HP: 21/27 MP: 2/2
   146 | D:1      | Reached XP level 3. HP: 29/33 MP: 3/3
   553 | D:2      | Reached XP level 4. HP: 8/41 MP: 4/4
  1203 | D:3      | Noticed Robin
  1228 | D:3      | Killed Robin
  1427 | D:3      | Reached XP level 5. HP: 33/47 MP: 5/5
  1536 | D:3      | Reached skill level 5 in Fighting
  1822 | D:3      | Found a sacrificial altar of Ru.
  1893 | D:3      | Noticed Terence
  1897 | D:3      | Killed Terence
  1946 | D:4      | Noticed an ogre
  1954 | D:4      | Killed an ogre
  1954 | D:4      | Reached skill level 5 in Axes
  1954 | D:4      | Reached XP level 6. HP: 54/56 MP: 6/6
  2149 | D:4      | Found a hazy altar of Hepliaklqana.
  2150 | D:4      | Found a shimmering altar of Xom.
  2150 | D:4      | Found a bloodstained altar of Trog.
  2151 | D:4      | Found a blossoming altar of Fedhas.
  2172 | D:4      | Reached XP level 7. HP: 55/63 MP: 7/7
  2577 | D:4      | Found a deep blue altar of Sif Muna.
  2671 | D:4      | Found Udopou's Book Shoppe.
  2754 | D:5      | Entered Level 5 of the Dungeon
  2795 | D:5      | Reached skill level 5 in Shields
  2830 | D:5      | Reached skill level 5 in Armour
  3342 | D:5      | Reached XP level 8. HP: 41/73 MP: 8/8
  4550 | D:6      | Found a staircase to the Ecumenical Temple.
  4559 | Temple   | Entered the Ecumenical Temple
  4600 | Temple   | Became a worshipper of the Shining One
  5120 | D:6      | Found Det Safisk's Jewellery Shop.
  5325 | D:6      | Found a glowing golden altar of the Shining One.
  5494 | D:7      | Reached XP level 9. HP: 82/82 MP: 9/9
  5701 | D:7      | Found a deep blue altar of Sif Muna.
  5972 | D:7      | Noticed Joseph
  5992 | D:7      | Killed Joseph
  6757 | D:8      | Reached skill level 10 in Axes
  6867 | D:8      | Reached skill level 10 in Fighting
  6910 | D:8      | Reached * piety under the Shining One
  6910 | D:8      | Reached XP level 10. HP: 91/93 MP: 10/10
  6944 | D:8      | Found a shadowy altar of Dithmenos.
  6991 | D:8      | Found a radiant altar of Vehumet.
  7581 | D:8      | Found Ygoa's Gadget Shoppe.
  7660 | D:9      | Noticed a brown ugly thing
  7672 | D:9      | Killed a brown ugly thing
  8145 | D:9      | Noticed a deep elf mage
  8155 | D:9      | Killed a deep elf mage
  8164 | D:9      | Reached ** piety under the Shining One
  8276 | D:9      | Noticed a two-headed ogre
  8327 | D:9      | Killed a two-headed ogre
  8327 | D:9      | Reached XP level 11. HP: 9/104 MP: 11/11
  8636 | D:9      | Noticed a two-headed ogre
  8656 | D:9      | Killed a two-headed ogre
  9206 | D:9      | Reached skill level 1 in Invocations
  9358 | D:10     | Entered Level 10 of the Dungeon
  9500 | D:10     | Noticed an unseen horror
  9512 | D:10     | Killed an unseen horror
  9595 | D:10     | Found a flagged portal.
  9605 | Bailey   | Entered a bailey
  9701 | Bailey   | Noticed an orc knight
  9701 | Bailey   | Reached *** piety under the Shining One
  9719 | Bailey   | Demolished by an orc warrior

Skill      XL: |  1  2  3  4  5  6  7  8  9 10 11 |
---------------+----------------------------------+-----
Fighting       | 4 5 6 7 8 10 11 12 | 12.2
Axes           | 3 4 5 6 8 10 12 | 12.9
Armour         | 4 5 6 7 8 |  8.6
Shields        | 4 5 7 8 |  8.6
Invocations    | 2 |  2.1
Dodging        | |  0.9

Action                   |  1- 3 |  4- 6 |  7- 9 | 10-12 || total
-------------------------+-------+-------+-------+-------++-------
Melee: War axe           |    84 |   142 |       |       ||   226
       Hand axe          |       |    39 |   327 |   322 ||   688
Throw: Tomahawk          |       |     1 |       |     5 ||     6
  Use: Scroll            |       |       |     4 |     1 ||     5
       Potion            |       |       |       |     1 ||     1
  Eat: Chunk             |       |     5 |    10 |     7 ||    22
       Ration            |       |       |     1 |     1 ||     2
Armor: Scale mail        |    46 |       |       |       ||    46
       Acid dragon scale |     1 |    54 |    61 |    59 ||   175
Dodge: Dodged            |    25 |    60 |    68 |    72 ||   225
Block: Shield            |    49 |    88 |   102 |   142 ||   381
